 Dungeon Crawl Stone Soup version 0.22-a0-480-g991dd4b2b4 (webtiles) character file.

93 Oirien the Covered (level 4, -2/41 HPs)
             Began as a Minotaur Fighter on June 16, 2018.
             Slain by Sigmund
             ... wielding a +1 scythe of protection
              (5 damage)
             ... on level 2 of the Dungeon.
             The game lasted 00:02:37 (1282 turns).

Oirien the Covered (Minotaur Fighter)               Turns: 1282, Time: 00:02:38

Health: -2/41      AC:  7    Str: 22    XL:     4   Next: 36%
Magic:  3/3        EV:  7    Int:  5    God:
Gold:   113        SH:  9    Dex:  9    Spells: 3/3 levels left

rFire    . . .     SeeInvis .   a - +0 war axe
rCold    . . .     Gourm    .   c - +0 shield
rNeg     . . .     Faith    .   b - +0 scale mail
rPois    .         Spirit   .   (helmet restricted)
rElec    .         Reflect  .   (no cloak)
rCorr    .         Harm     .   (no gloves)
MR       .....                  (no boots)
Stlth    ..........             (no amulet)
HPRegen  0.13/turn              (no ring)
MPRegen  0.08/turn              (no ring)

@: no status effects
A: retaliatory headbutt, horns 2
a: no special abilities


You were on level 2 of the Dungeon.
You were not hungry.

You visited 1 branch of the dungeon, and saw 2 of its levels.

You collected 113 gold pieces.

Inventory:

Hand Weapons
 a - a +0 war axe (weapon)
Armour
 b - a +0 scale mail (worn)
 c - a +0 shield (worn)
Scrolls
 h - a scroll of fear {unknown}
 j - a scroll of enchant armour {unknown}
 l - a scroll of amnesia {unknown}
 m - a scroll of identify {unknown}
Potions
 d - a potion of might
 e - 2 potions of curing {unknown}
 i - a potion of flight {unknown}
 k - a potion of cancellation {unknown}
 n - 2 potions of brilliance {unknown}
 o - a potion of haste {unknown}
Comestibles
 f - 6 rations
 g - 5 chunks of flesh


   Skills:
 + Level 4.5 Fighting
 + Level 3.3 Axes
 + Level 4.6 Armour
 + Level 0.1 Dodging
 + Level 4.2 Shields


You had 3 spell levels left.
You didn't know any spells.
Your spell library was empty.

Dungeon Overview and Level Annotations

Branches:
Dungeon (2/15)

Altars:
Nemelex Xobeh

Annotations:
D:2 Sigmund


Innate Abilities, Weirdness & Mutations

You reflexively headbutt those who attack you in melee.
You have a pair of horns on your head.


Message History

You hear some strange, mumbled words.
A magic dart appears from out of thin air!
The magic dart hits you!
You barely miss something. Something hits you.
* * * LOW HITPOINT WARNING * * *
You completely miss something. Your headbutt misses something.
Something hits you but does no damage.
You barely miss something. Something hits you.
* * * LOW HITPOINT WARNING * * *
You miss something. Your headbutt misses something. Something hits you.
* * * LOW HITPOINT WARNING * * *
Your scale mail prevents you from hitting something.
You hear some strange, mumbled words.
A puff of flame appears from out of thin air!
The puff of flame hits you!
You miss something. Something hits you but does no damage.
You miss something. Something hits you but does no damage.
Your shield and scale mail prevent you from hitting something.
You headbutt something! Something hits you.
You die...

........#
#.....##.#.#...####.
.######.#
#..#'###..........#.
.# #.# #..#.#
#.#.#...##.#. .# #.#
#..#.# #.#......#.#.
#.# #....#
#..........#. #.#
#...#########.#...#.
. #.#
#.............#.###.
. #.#
#...........#.....#.
.######.###
#.#@.######.#.##..#.
.#........# #.#{.# #
#. #..#. .#........#
#.#..# #. ##...
.#........# #.#..#
#. #... ..........#
#..# # #...
..###...### #..#
#.###... ..# #...#
#... .........
..###...# ##.#
......... ........#
........>


There were no monsters in sight!

Vanquished Creatures
  5 adders (D:2)
  A worm (D:2)
  A dart slug (D:1)
  3 leopard geckos
  3 bats (D:1)
  3 giant cockroaches
  9 goblins
  6 hobgoblins (D:1)
  5 kobolds
  3 rats
39 creatures vanquished.

Notes
Turn   | Place    | Note
-------+----------+-------------------------------------------
     0 | D:1      | Oirien the Minotaur Fighter began the quest for the Orb.
     0 | D:1      | Reached XP level 1. HP: 19/19 MP: 0/0
    49 | D:1      | Reached XP level 2. HP: 20/27 MP: 1/1
   439 | D:1      | Reached XP level 3. HP: 33/33 MP: 2/2
  1108 | D:2      | Reached XP level 4. HP: 39/41 MP: 3/3
  1192 | D:2      | Found a sparkling altar of Nemelex Xobeh.
  1265 | D:2      | Noticed Sigmund
  1282 | D:2      | Slain by Sigmund

Vault maps used:
D:1:      dpeg_arrival_rhombi, minmay_misc_feat_ornament
D:2:      minmay_wonky_spiral, marbit_many_paths, first_ration, st_stairs_13,
          uniq_sigmund

Skill      XL: |  1  2  3 |
---------------+----------+-----
Shields        | 4 |  4.2
Fighting       | 4 |  4.5
Armour         | 4 |  4.6
Axes           | 3 |  3.3
Dodging        | |  0.1

Action                   |  1- 3 |  4- 6 || total
-------------------------+-------+-------++-------
Melee: War axe           |    88 |    34 ||   122
       Headbutt          |     9 |     2 ||    11
  Eat: Chunk             |     1 |       ||     1
Armor: Scale mail        |    38 |    11 ||    49
Dodge: Dodged            |    30 |     8 ||    38
Block: Shield            |    36 |     9 ||    45

Table legend:
 A = Spawn XP
 B = Non-spawn XP
 C = Spawn XP percentage of total XP
 D = Spawn monster count
 E = Non-spawn monster count
 F = Spawn count percentage of total count
 G = Total turns spent on level
                    A         B        C        D         E        F      G
               +---------+---------+-------+---------+---------+-------+---------
         Total |       0 |     133 |   0.0 |       0 |      39 |   0.0 |  1282
               +---------+---------+-------+---------+---------+-------+---------
           D:1 |       0 |      44 |   0.0 |       0 |      22 |   0.0 |   584
           D:2 |       0 |      89 |   0.0 |       0 |      17 |   0.0 |   698
               +---------+---------+-------+---------+---------+-------+---------
